 Dungeon Crawl Stone Soup version 0.26.1-2-gb8aa6d0cf2 (webtiles) character file.

Game seed: 16167815624119951916

1563 nightchill the Grappler (level 8, 0/73 HPs)
             Began as a Ghoul Monk on Mar 19, 2021.
             Slain by Maggie
             ... wielding a +2 vorpal glaive
              (3 damage)
             ... on level 6 of the Dungeon.
             The game lasted 00:07:15 (5435 turns).

nightchill the Grappler (Ghoul Monk)                Turns: 5435, Time: 00:07:16

Health: 0/73       AC: 10    Str: 23    XL:     8   Next: 89%
Magic:  7/7        EV:  5    Int:  5    God:
Gold:   342        SH:  7    Dex: 11    Spells: 7/7 levels left

rFire    . . .     SeeInvis .     - Unarmed
rCold    + . .     Faith    .   b - +0 kite shield
rNeg     + + +     Spirit   .   o - +0 chain mail
rPois    ∞         Reflect  .   (no helmet)
rElec    .         Harm     .   k - +1 cloak
rCorr    .         Rampage  .   (no gloves)
Will     .....                  (no boots)
Stlth    ..........             (no amulet)
HPRegen  0.00/turn              n - +6 ring of strength
MPRegen  0.10/turn              (no ring)

@: mesmerised, hasted, very quick
A: claws 1, cold resistance 1, negative energy resistance 3, inhibited
regeneration, torment resistance, unbreathing
a: no special abilities


You were on level 6 of the Dungeon.
You visited 1 branch of the dungeon, and saw 6 of its levels.

You collected 342 gold pieces.

Inventory:

Armour
 a - a +0 robe
 b - a +0 kite shield (worn)
 k - a +1 cloak (worn)
 o - a +0 chain mail (worn)
Jewellery
 n - a +6 ring of strength (left claw)
 v - a +6 ring of dexterity {unknown}
 y - a +6 ring of dexterity {unknown}
Wands
 h - a wand of paralysis (4)
 x - a wand of iceblast (12)
 B - a wand of polymorph (6)
Scrolls
 f - 3 scrolls of identify
 g - a scroll of fear {unknown}
 i - a scroll of fog {unknown}
 j - 2 scrolls of remove curse
 l - a scroll of magic mapping {unknown}
 m - 2 scrolls of immolation
 q - 2 scrolls of teleportation {unknown}
 s - a scroll of enchant armour {unknown}
 t - a scroll of enchant weapon {unknown}
 w - 2 scrolls of amnesia {unknown}
 C - a scroll of random uselessness {unknown}
Potions
 c - a potion of haste
 d - a potion of lignification
 e - 2 potions of flight
 p - 2 potions of curing {unknown}
 r - 2 potions of attraction {unknown}
 u - a potion of mutation {unknown}
 z - a potion of degeneration {unknown}
 A - 2 potions of brilliance {unknown}


   Skills:
 + Level 7.6 Fighting
 - Level 2.6 Dodging
 - Level 2.1 Stealth
 * Level 10.2 Unarmed Combat


You had 7 spell levels left.
You didn't know any spells.
Your spell library was empty.

Dungeon Overview and Level Annotations

Branches:
Dungeon (6/15)
 Temple: D:4-7

Altars:

Annotations:
D:6 Maggie


Innate Abilities, Weirdness & Mutations

You thrive by killing the living.
You are immune to poison.
You have sharp fingernails.
Your flesh is cold resistant. (rC+)
You are immune to negative energy. (rN+++)
You do not regenerate when monsters are visible.
You are immune to unholy pain and torment.
You can survive without breathing.


Message History

Unknown command.
Maggie gestures at you while chanting. The bolt of fire hits you!
Maggie zaps a wand.
The bolt of acid hits you.
You are splashed with acid!
You are too injured to fight recklessly!
You are too injured to fight recklessly!
You are too injured to fight recklessly!
You scratch Maggie.
Maggie is lightly wounded.
Maggie points at you and mumbles some strange words.
The bolt of fire hits you!
* * * LOW HITPOINT WARNING * * *
You feel yourself speed up.
Maggie zaps a wand.
The bolt of acid hits you!
* * * LOW HITPOINT WARNING * * *
You are splashed with acid!!
* * * LOW HITPOINT WARNING * * *
You scratch Maggie but do no damage.
Maggie is lightly wounded.
Maggie hits you with a +2 vorpal glaive.
You die...

...............#
#.......###...#
#.......# .#
#.....^.#
#.......#
#.......#
###.....#
##....# ##@###
#@# #.# #.# ..#
###


You could see Maggie (mesmerising).

Vanquished Creatures
  Pikel (D:6)
  Grinder (D:6)
  Duvessa (D:5)
  A necrophage (D:6)
  A phantom (D:5)
  3 lemures (D:6)
  A bullfrog (D:6)
  Blork the orc (D:5)
  Dowan (D:5)
  A scorpion (D:5)
  An orc priest (D:3)
  2 bullfrog skeletons
  Natasha (thrice) (D:4)
  4 worker ants
  3 gnolls (D:4)
  3 adders
  An ufetubus (D:6)
  An adder skeleton (D:6)
  2 worms (D:2)
  2 dart slugs
  2 leopard geckos (D:4)
  17 orcs
  A ball python (D:1)
  8 bats
  6 giant cockroaches
  2 goblins (D:1)
  7 hobgoblins
  7 jackals
  4 frilled lizards
  9 kobolds
  A leopard gecko skeleton (D:6)
  7 rats
105 creatures vanquished.

Notes
Turn   | Place    | Note
-------+----------+-------------------------------------------
     0 | D:1      | nightchill the Ghoul Monk began the quest for the Orb.
     0 | D:1      | Reached XP level 1. HP: 19/19 MP: 0/0
   405 | D:1      | Reached XP level 2. HP: 26/26 MP: 1/1
   589 | D:1      | Reached skill level 4 in Unarmed Combat
   806 | D:1      | Reached XP level 3. HP: 33/33 MP: 2/2
  1534 | D:2      | Reached XP level 4. HP: 38/40 MP: 3/3
  2417 | D:3      | Reached skill level 5 in Unarmed Combat
  2440 | D:3      | Reached XP level 5. HP: 28/47 MP: 4/4
  3286 | D:4      | Noticed Natasha
  3296 | D:4      | Killed Natasha
  3297 | D:4      | Reached skill level 6 in Unarmed Combat
  3299 | D:4      | Reached XP level 6. HP: 50/55 MP: 5/5
  3306 | D:4      | Noticed Natasha
  3314 | D:4      | Killed Natasha
  3421 | D:4      | Noticed Natasha
  3429 | D:4      | Killed Natasha
  3430 | D:4      | Reached skill level 5 in Fighting
  3832 | D:5      | Entered Level 5 of the Dungeon
  4018 | D:5      | Noticed Duvessa
  4018 | D:5      | Noticed Dowan
  4029 | D:5      | Killed Duvessa
  4030 | D:5      | Reached skill level 7 in Unarmed Combat
  4030 | D:5      | Reached XP level 7. HP: 61/61 MP: 6/6
  4045 | D:5      | Killed Dowan
  4113 | D:5      | Noticed Blork the orc
  4120 | D:5      | Killed Blork the orc
  4188 | D:5      | Reached skill level 8 in Unarmed Combat
  4755 | D:6      | Noticed Pikel
  4798 | D:6      | Paralysed by Pikel for 4 turns
  4811 | D:6      | Killed Pikel
  4812 | D:6      | Reached skill level 9 in Unarmed Combat
  4812 | D:6      | Reached XP level 8. HP: 19/71 MP: 7/7
  5191 | D:6      | Noticed Grinder
  5249 | D:6      | Paralysed by Grinder for 5 turns
  5255 | D:6      | Killed Grinder
  5256 | D:6      | Reached skill level 10 in Unarmed Combat
  5428 | D:6      | Noticed Maggie
  5434 | D:6      | HP: 3/73 [acid (18)]
  5435 | D:6      | Slain by Maggie

Illustrated notes

Levels and vault maps discovered:
D:1:      dpeg_arrival_water_fire, layout_basic
D:2:      layout_basic
D:3:      layout_loops_ring
D:4:      layout_cave_pools, uniq_natasha
D:5:      layout_basic, uniq_blork_the_orc, uniq_duvessa
D:6:      layout_basic, minmay_temple_entry_trees, roderic_batcave, uniq_maggie,
          uniq_grinder, uniq_pikel

Skill      XL: |  1  2  3  4  5  6  7  8 |
---------------+-------------------------+-----
Unarmed Combat | 4 5 6 7 9 10 | 10.2
Fighting       | 4 5 6 7 |  7.6
Dodging        | |  2.6
Stealth        | |  2.1

Action                   |  1- 3 |  4- 6 |  7- 9 || total
-------------------------+-------+-------+-------++-------
Melee: Unarmed           |    88 |   189 |   102 ||   379
  Use: Scroll            |       |     6 |       ||     6
       Potion            |       |       |     3 ||     3
 Stab: Sleeping          |     4 |       |       ||     4
Armor: Robe              |    17 |     2 |       ||    19
       Chain mail        |       |    98 |    45 ||   143
Dodge: Dodged            |    29 |    38 |    17 ||    84
Block: Kite shield       |    27 |    63 |    28 ||   118
